[Event "Titled Tuesday Blitz April 26 Late 2022"]
[White "Stanisz, Patryk"]
[Black "Zivkovic, Nemanja"]
[WhiteFideId "1123106"]
[BlackFideId "942154"]
[WhiteElo "1833"]
[BlackElo "2364"]
[Result "1-0"]
[Round "01"]
[TimeControl "180+1"]
[Date "2022.04.26"]
[WhiteClock "0:00:01"]
[BlackClock "0:00:14"]

1. d4 Nf6 2. c4 e6 3. Nc3 Bb4 4. Qc2 Nc6 5. Nf3 h6 6. a3 Bxc3+ 7. Qxc3 d6 8. b4 O-O 9. b5 Nb8 10. Bb2 Nbd7 11. e3 b6 12. Be2 Bb7 13. O-O Qe7 14. a4 a5 15. Rac1 Ne4 16. Qc2 f5 17. Nd2 Qg5 18. Nf3 Qg6 19. g3 Ng5 20. Nxg5 hxg5 21. f4 gxf4 22. exf4 Nf6 23. Bf3 Be4 24. Qe2 Rae8 25. c5 Bxf3 26. Qxf3 Ne4 27. Qg2 bxc5 28. dxc5 Nxc5 29. Qc6 Rc8 30. Rxc5 dxc5 31. Qxc5 Rfd8 32. Bc3 Ra8 33. Qxc7 Rdc8 34. Qe5 Qg4 35. Kg2 Kh7 36. Rf2 Rc4 37. h3 Qg6 38. b6 Rd8 39. b7 Rxc3 40. Qxc3 Qe8 41. Qc7 Rd7 42. Qc8 Rd8 43. Rc2 Qxa4 44. Qxd8 Qxc2+ 45. Kf3 Qe4+ 46. Kf2 Qc2+ 47. Kf1 Qb1+ 48. Kf2 Qxb7 49. Qxa5 Qh1 50. h4 Qh2+ 51. Kf3 Qh1+ 52. Kf2 Qe4 53. Qe5 Qc2+ 54. Qe2 Qc4 55. Qxc4 1-0


[Site "https://www.chess.com"]

[Event "Titled Tuesday Blitz April 26 Late 2022"]
[White "Suleymanli, Aydin"]
[Black "Pinheiro, Iung Alicio de O."]
[WhiteFideId "13413937"]
[BlackFideId "2104350"]
[WhiteElo "2481"]
[BlackElo "2458"]
[Result "1-0"]
[Round "01"]
[TimeControl "180+1"]
[Date "2022.04.26"]
[WhiteClock "0:00:39"]
[BlackClock "0:00:09"]

1. e4 c5 2. Nc3 a6 3. a4 b6 4. Nf3 Bb7 5. d4 cxd4 6. Nxd4 e6 7. Bd3 Nc6 8. Nxc6 Bxc6 9. g4 h5 10. g5 Bc5 11. O-O Ne7 12. Kh1 f6 13. gxf6 gxf6 14. Qf3 Ng6 15. Qg3 Kf7 16. f4 Qe7 17. Bd2 Rag8 18. Qh3 f5 19. Rae1 Qh4 20. Rf3 Bd4 21. Qf1 Qg4 22. Rg3 Qh4 23. Ne2 Bf6 24. Ng1 Ne7 25. Nf3 Qxg3 26. hxg3 Rxg3 27. Ne5+ Bxe5 28. fxe5 Rhg8 29. Re3 R3g4 30. Kh2 Ke8 31. Be2 Rh4+ 32. Rh3 Rxe4 33. Bf3 Rxe5 34. Bxh5+ Kd8 35. Bf3 Nd5 36. c4 Ne3 37. Bxe3 Rxe3 38. Bxc6 Rxh3+ 39. Qxh3 dxc6 40. Qh7 Re8 41. Qb7 Rh8+ 42. Kg3 1-0


[Site "https://www.chess.com"]

[Event "Titled Tuesday Blitz April 26 Late 2022"]
[White "Svane, Frederik"]
[Black "Szalay, Karoly"]
[WhiteFideId "12923044"]
[BlackFideId "2600544"]
[WhiteElo "2459"]
[BlackElo "2433"]
[Result "1-0"]
[Round "01"]
[TimeControl "180+1"]
[Date "2022.04.26"]
[WhiteClock "0:00:04"]
[BlackClock "0:00:01"]

1. e4 e5 2. Nf3 Nc6 3. Bb5 a6 4. Ba4 Nf6 5. O-O b5 6. Bb3 Bc5 7. Nc3 d6 8. Nd5 O-O 9. d4 Nxd4 10. Nxd4 Bxd4 11. c3 Bc5 12. Bg5 c6 13. Nxf6+ gxf6 14. Bh6 Kh8 15. Bxf8 Qxf8 16. a4 Rb8 17. axb5 axb5 18. Qf3 Qg7 19. h3 Bd7 20. Ra6 Qg5 21. Rfa1 f5 22. exf5 Bxf5 23. Qxc6 Bxh3 24. Ra8 Rxa8 25. Qxa8+ Kg7 26. Qb7 Kh6 27. Qf3 Bg4 28. Qxf7 Bf5 29. Qf8+ Kh5 30. Bf7+ Kh4 31. Qg8 1-0


[Site "https://www.chess.com"]

[Event "Titled Tuesday Blitz April 26 Late 2022"]
[White "Swiercz, Dariusz"]
[Black "Remolar Gallen, Jose"]
[WhiteFideId "1126881"]
[BlackFideId "2215187"]
[WhiteElo "2627"]
[BlackElo "2205"]
[Result "1-0"]
[Round "01"]
[TimeControl "180+1"]
[Date "2022.04.26"]
[WhiteClock "0:01:45"]
[BlackClock "0:00:37"]

1. Nf3 Nf6 2. d4 c5 3. d5 b5 4. Bg5 Qb6 5. e3 Ne4 6. Bf4 d6 7. Nbd2 Nf6 8. a4 Nxd5 9. Bxb5+ Bd7 10. Nc4 Qb7 11. Na5 Qc7 12. Qxd5 Qxa5+ 13. Nd2 e5 14. Qxa8 Qc7 15. Bg3 Be7 16. Bxd7+ Kxd7 17. Qd5 Nc6 18. Qxf7 Rf8 19. Qxg7 Nb4 20. Qxh7 1-0


[Site "https://www.chess.com"]

[Event "Titled Tuesday Blitz April 26 Late 2022"]
[White "Szpar, Milosz"]
[Black "D`Arruda, Ricardo D."]
[WhiteFideId "1184989"]
[BlackFideId "100692"]
[WhiteElo "2447"]
[BlackElo "2375"]
[Result "1-0"]
[Round "01"]
[TimeControl "180+1"]
[Date "2022.04.26"]
[WhiteClock "0:00:27"]
[BlackClock "0:00:35"]

1. e4 c5 2. Nf3 Nc6 3. Bb5 e6 4. O-O Nge7 5. Re1 a6 6. Bf1 d6 7. c3 g6 8. d4 cxd4 9. cxd4 Bg7 10. Nc3 O-O 11. h3 d5 12. e5 b5 13. b3 Bd7 14. Bb2 Rc8 15. Rc1 Qb6 16. Ne2 Bh6 17. Rc2 Nb4 18. Rxc8 Rxc8 19. Qb1 Qa5 20. Nc1 Bxc1 21. Rxc1 Qxa2 22. Qxa2 Nxa2 23. Ra1 Nb4 24. Ne1 Ra8 25. Bc3 Nbc6 26. Bxb5 Rb8 27. Bxa6 Rxb3 28. Rc1 Nf5 29. Nf3 h5 30. Be2 Kg7 31. Kf1 Rb7 32. g4 hxg4 33. hxg4 Nfe7 34. Bd3 Nd8 35. Ba5 Ndc6 36. Bd2 Nd8 37. Bg5 Kf8 38. Kg2 Bb5 39. Bxb5 Rxb5 40. Rh1 Ndc6 41. Rh8+ Kg7 42. Bf6# 1-0


[Site "https://www.chess.com"]

[Event "Titled Tuesday Blitz April 26 Late 2022"]
[White "Tanenbaum, Zachary"]
[Black "Aigner, Michael"]
[WhiteFideId "2060850"]
[BlackFideId "2017288"]
[WhiteElo "2168"]
[BlackElo "2394"]
[Result "1-0"]
[Round "01"]
[TimeControl "180+1"]
[Date "2022.04.26"]
[WhiteClock "0:01:18"]
[BlackClock "0:01:28"]

1. e4 c5 2. Nf3 Nc6 3. Nc3 g6 4. d4 cxd4 5. Nxd4 Bg7 6. Be3 Nf6 7. Bc4 O-O 8. Bb3 a5 9. O-O d6 10. h3 Bd7 11. f4 Nxd4 12. Bxd4 Bc6 13. Qd3 Nd7 14. Bxg7 Kxg7 15. f5 Qb6+ 16. Kh1 a4 17. Bd5 Ne5 18. Qg3 Qxb2 19. fxg6 hxg6 20. Ne2 Bxd5 21. exd5 Qxc2 22. Nd4 Qd3 23. Nf5+ Kg8 24. Nxe7+ Kg7 25. Nf5+ Kg8 26. Qg5 Rac8 27. Ne7+ Kg7 28. Qf6+ Kh7 29. Rf4 1-0


[Site "https://www.chess.com"]

[Event "Titled Tuesday Blitz April 26 Late 2022"]
[White "Vachier-Lagrave, Maxime"]
[Black "Manukyan, Artyom"]
[WhiteFideId "623539"]
[BlackFideId "13305786"]
[WhiteElo "2813"]
[BlackElo "2034"]
[Result "1-0"]
[Round "01"]
[TimeControl "180+1"]
[Date "2022.04.26"]
[WhiteClock "0:00:33"]
[BlackClock "0:00:07"]

1. Nf3 d5 2. b3 Nf6 3. Bb2 Bf5 4. g3 e6 5. Bg2 h6 6. O-O Be7 7. e3 O-O 8. d3 Bh7 9. Qe2 a5 10. a3 Nbd7 11. Rd1 c5 12. c4 a4 13. bxa4 Rxa4 14. Nc3 Ra8 15. a4 Qc8 16. Nb5 Rd8 17. Ne5 Nxe5 18. Bxe5 Qc6 19. Qb2 Ne8 20. a5 Bf6 21. cxd5 exd5 22. Bxf6 Nxf6 23. Nc3 Qc7 24. Qb5 Bf5 25. Rdc1 Bd7 26. Qb6 Qxb6 27. axb6 Rxa1 28. Rxa1 Bc6 29. Ra5 Nd7 30. Bxd5 Nxb6 31. Bxc6 bxc6 32. Rxc5 Rxd3 33. Rxc6 Nd5 34. Ne4 Rd1+ 35. Kg2 Ra1 36. Rd6 Nb4 37. g4 Ra2 38. h4 Nc2 39. Kg3 Nb4 40. Rd8+ Kh7 41. Rd7 Kg8 42. g5 h5 43. Nd6 Nd3 44. g6 fxg6 45. Rd8+ Kh7 46. Nf7 g5 47. Nxg5+ Kg6 48. Rxd3 Ra1 49. Rd6+ Kf5 50. Rd5+ 1-0


[Site "https://www.chess.com"]

[Event "Titled Tuesday Blitz April 26 Late 2022"]
[White "Vasquez Schroeder, Rodrigo"]
[Black "Gnechko, Ruslan"]
[WhiteFideId "3400042"]
[BlackFideId "14135868"]
[WhiteElo "2561"]
[BlackElo "2289"]
[Result "1-0"]
[Round "01"]
[TimeControl "180+1"]
[Date "2022.04.26"]
[WhiteClock "0:00:38"]
[BlackClock "0:00:08"]

1. e4 c6 2. d4 d5 3. exd5 cxd5 4. Bd3 Nc6 5. c3 Nf6 6. h3 g6 7. Qc2 Bg7 8. Nf3 O-O 9. O-O b6 10. Re1 a5 11. a4 Bb7 12. Na3 Rc8 13. Qe2 e6 14. Bg5 h6 15. Bh4 Ne7 16. Nb5 Nf5 17. Bxf6 Bxf6 18. Ne5 Kg7 19. Rad1 Bc6 20. Nxc6 Rxc6 21. Bxf5 gxf5 22. Rd3 Kh7 23. Qh5 Qe7 24. Rf3 Qd7 25. Rfe3 Rg8 26. Kh1 Rg5 27. Qf3 Rc8 28. R3e2 Rcg8 29. Rg1 Bd8 30. Ree1 Bc7 31. b3 Bb8 32. c4 dxc4 33. bxc4 Qe7 34. d5 e5 35. g3 e4 36. Qe2 Bd6 37. Nd4 Bc5 38. Nc6 Qf6 39. Rg2 e3 40. Qf3 exf2 41. Rf1 f4 42. g4 h5 43. Rh2 hxg4 44. hxg4+ Kg7 45. Qe4 Rh8 46. Rxh8 Kxh8 47. Qf3 Kg7 48. Kg2 Qb2 49. Qxf4 Qf6 50. Kf3 Qg6 51. Ne5 Qf6 52. Qxf6+ Kxf6 53. Nd7+ Ke7 54. Nxc5 bxc5 55. Rxf2 Re5 56. Rb2 Kd6 57. Rb6+ Kd7 58. Rc6 Re1 59. Rxc5 1-0


[Site "https://www.chess.com"]

[Event "Titled Tuesday Blitz April 26 Late 2022"]
[White "Vlassov, Nikolai"]
[Black "Zor, Alber Kadir"]
[WhiteFideId "4103360"]
[BlackFideId "6353169"]
[WhiteElo "2407"]
[BlackElo "1966"]
[Result "0-1"]
[Round "01"]
[TimeControl "180+1"]
[Date "2022.04.26"]
[WhiteClock "0:00:03"]
[BlackClock "0:01:23"]

1. e4 c5 2. c3 Nf6 3. e5 Nd5 4. d4 cxd4 5. cxd4 d6 6. Bc4 Nb6 7. Bb3 dxe5 8. Qh5 e6 9. dxe5 Nc6 10. Nc3 Be7 11. Nf3 O-O 12. Bc2 g6 13. Qh6 Nd4 14. Nxd4 Qxd4 15. Bf4 Nd5 16. Nxd5 exd5 17. O-O Qxb2 18. Bb3 Be6 19. Rad1 Rad8 20. Rfe1 a5 21. h4 a4 22. Bxa4 Qxa2 23. Ra1 Qc4 24. h5 Ra8 25. Rec1 Qd4 26. Rd1 Qe4 27. Re1 Rxa4 28. Rxe4 Rxa1+ 29. Kh2 dxe4 30. Bg5 Bxg5 31. Qxg5 Rc8 32. h6 b5 33. Qf6 Kf8 34. Qg7+ Ke7 35. Qxh7 b4 36. Qg7 b3 37. h7 b2 38. h8=Q Rxh8+ 39. Qxh8 b1=Q 40. Qf6+ Kd7 41. Kg3 Qd3+ 42. Kh4 Rh1+ 43. Kg5 Rh5+ 0-1


[Site "https://www.chess.com"]

[Event "Titled Tuesday Blitz April 26 Late 2022"]
[White "Vovk, Orest"]
[Black "Harish, Neeraj"]
[WhiteFideId "14113490"]
[BlackFideId "30958130"]
[WhiteElo "2203"]
[BlackElo "1574"]
[Result "1-0"]
[Round "01"]
[TimeControl "180+1"]
[Date "2022.04.26"]
[WhiteClock "0:01:48"]
[BlackClock "0:00:43"]

1. e4 c5 2. d3 g6 3. Nd2 Bg7 4. Ngf3 Nc6 5. Be2 e5 6. O-O Nge7 7. Nc4 d5 8. exd5 Nxd5 9. a4 O-O 10. Bg5 f6 11. Bd2 f5 12. Bg5 Qc7 13. Qd2 Be6 14. Bh6 Bxh6 15. Qxh6 Nf4 16. Rfe1 Bxc4 17. dxc4 e4 18. Ng5 Nxe2+ 19. Rxe2 Nd4 20. Rd2 Qg7 21. Qxg7+ Kxg7 22. c3 Nb3 23. Rd7+ Kf6 24. Nxh7+ Ke6 25. Nxf8+ Rxf8 26. Rad1 1-0


[Site "https://www.chess.com"]

[Event "Titled Tuesday Blitz April 26 Late 2022"]
[White "Vujic, Mihailo"]
[Black "Tari, Aryan"]
[WhiteFideId "918873"]
[BlackFideId "1510045"]
[WhiteElo "2256"]
[BlackElo "2567"]
[Result "0-1"]
[Round "01"]
[TimeControl "180+1"]
[Date "2022.04.26"]
[WhiteClock "0:00:05"]
[BlackClock "0:00:27"]

1. e4 e5 2. Bc4 Nf6 3. d4 exd4 4. Nf3 Nc6 5. O-O Nxe4 6. Re1 d5 7. Bxd5 Qxd5 8. Nc3 Qd8 9. Nxe4 Be7 10. Bg5 f6 11. Nxf6+ gxf6 12. Bxf6 O-O 13. Bxe7 Nxe7 14. Nxd4 Ng6 15. c3 Qf6 16. f3 Kh8 17. Qd2 Bd7 18. Rad1 Rad8 19. Qh6 Rde8 20. Ne2 Bc6 21. Ng3 Qh4 22. Qd2 Qf4 23. Qd3 Ne5 24. Qf1 Bxf3 25. Rxe5 Rxe5 26. gxf3 Re7 27. Rd4 Qxf3 28. Qxf3 Rxf3 29. Rd8+ Kg7 30. Kg2 Rff7 31. Nh5+ Kh6 32. Ng3 Rd7 33. Re8 Rd2+ 34. Kh3 Rxb2 35. Re6+ Kg7 36. Nh5+ Kf8 37. Nf6 Rf2 38. Ne4 R2f3+ 39. Kg4 Re3 40. h4 Re7 41. Rxe7 Kxe7 42. Kf4 Re2 43. a4 Ra2 44. Nc5 b6 45. Nb3 Rxa4+ 46. Ke5 Ra3 47. Nd4 Rxc3 48. Nf5+ Kd7 49. h5 a5 50. Kf6 Rf3 51. Kg7 Rxf5 0-1


[Site "https://www.chess.com"]

[Event "Titled Tuesday Blitz April 26 Late 2022"]
[White "Wachinger, Guenther"]
[Black "Bacrot, Etienne"]
[WhiteFideId "4604261"]
[BlackFideId "605506"]
[WhiteElo "2212"]
[BlackElo "2673"]
[Result "0-1"]
[Round "01"]
[TimeControl "180+1"]
[Date "2022.04.26"]
[WhiteClock "0:00:26"]
[BlackClock "0:00:20"]

1. e4 c5 2. Nf3 Nc6 3. d4 cxd4 4. Nxd4 Nf6 5. Nc3 d6 6. Bg5 e6 7. Qd2 a6 8. f4 Bd7 9. O-O-O Be7 10. Nf3 b5 11. Kb1 b4 12. Bxf6 Bxf6 13. Ne2 Be7 14. Ned4 O-O 15. g4 a5 16. h4 a4 17. g5 b3 18. axb3 axb3 19. Nxb3 Ra4 20. Bd3 Qb6 21. e5 d5 22. h5 Rfa8 23. g6 Qa7 24. gxf7+ Kf8 25. c3 h6 26. Ng5 hxg5 27. h6 Ra1+ 28. Kc2 Nb4+ 29. cxb4 Rc8+ 30. Nc5 Ba4+ 31. b3 Bxb3+ 32. Kxb3 Qa3+ 33. Kc2 Rxc5+ 34. bxc5 Ra2+ 35. Kb1 Qb3+ 36. Kc1 Ra1+ 37. Bb1 Rxb1# 0-1


[Site "https://www.chess.com"]

[Event "Titled Tuesday Blitz April 26 Late 2022"]
[White "Yoo, Christopher Woojin"]
[Black "Ezat, Mohamed"]
[WhiteFideId "30909694"]
[BlackFideId "10600906"]
[WhiteElo "2105"]
[BlackElo "2386"]
[Result "1-0"]
[Round "01"]
[TimeControl "180+1"]
[Date "2022.04.26"]
[WhiteClock "0:00:13"]
[BlackClock "0:00:16"]

1. d4 Nf6 2. c4 g6 3. Nf3 Bg7 4. Nc3 O-O 5. h4 c5 6. d5 d6 7. e4 e6 8. Be2 exd5 9. cxd5 b5 10. Nxb5 Nxe4 11. O-O a6 12. Na3 Bg4 13. Nc4 Nd7 14. Ng5 Bxe2 15. Qxe2 Nxg5 16. Bxg5 Qc7 17. Qe7 h6 18. Bf4 Rfe8 19. Qxd6 Qxd6 20. Bxd6 Re4 21. Rac1 Rxh4 22. Rfe1 Rd4 23. Re7 Nf6 24. Nb6 Rf8 25. Re2 Nxd5 26. Bxf8 Bxf8 27. Nc4 Nb4 28. a3 Nd3 29. Rcc2 Nf4 30. Red2 Re4 31. Ne3 Ne6 32. Rc4 Nd4 33. b4 Nb3 34. Rd3 Rxc4 35. Nxc4 Nd4 36. Kf1 Nb5 37. a4 Nd4 38. Ne5 Bg7 39. f4 Ne6 40. b5 axb5 41. axb5 Nxf4 42. Rd8+ Kh7 43. Nc4 Ne6 44. Rd7 Kg8 45. b6 Nf8 46. Rd8 Bf6 47. Rxf8+ Kxf8 48. b7 Kg7 49. b8=Q Bd4 50. Qc7 h5 51. Nd6 Kf6 52. Qxf7+ Ke5 53. Nc4+ Ke4 54. Qf3# 1-0


[Site "https://www.chess.com"]

[Event "Titled Tuesday Blitz April 26 Late 2022"]
[White "Yuan, Qingyu"]
[Black "Sliwicka, Alicja"]
[WhiteFideId "8609772"]
[BlackFideId "1150677"]
[WhiteElo "2359"]
[BlackElo "2120"]
[Result "1/2-1/2"]
[Round "01"]
[TimeControl "180+1"]
[Date "2022.04.26"]
[WhiteClock "0:00:36"]
[BlackClock "0:00:43"]

1. e4 c5 2. Nf3 d6 3. Bb5+ Bd7 4. c4 Bxb5 5. cxb5 a6 6. bxa6 Nxa6 7. d4 g6 8. O-O Bg7 9. Nc3 cxd4 10. Nxd4 Nf6 11. Be3 O-O 12. Qe2 Nc5 13. f3 Qa5 14. a3 Na4 15. Rac1 Rfc8 16. Nxa4 Qxa4 17. Qd2 Nd7 18. h3 Ne5 19. Rxc8+ Rxc8 20. Rc1 Rxc1+ 21. Qxc1 Qc4 22. b3 Qxc1+ 23. Bxc1 Nd3 24. Be3 Bxd4 25. Bxd4 Nc1 26. Bb6 Nxb3 27. Kf2 Kf8 28. Ke3 Ke8 29. Kd3 Kd7 30. Kc4 Nd2+ 31. Kc3 Nb1+ 32. Kb2 Nd2 33. Kc3 Nb1+ 34. Kb2 Nd2 35. Kc3 1/2-1/2


[Site "https://www.chess.com"]

[Event "Titled Tuesday Blitz April 26 Late 2022"]
[White "Yurasova, Daria"]
[Black "Zakhartsov, Vladimir"]
[WhiteFideId "34146919"]
[BlackFideId "4145097"]
[WhiteElo "2064"]
[BlackElo "2491"]
[Result "0-1"]
[Round "01"]
[TimeControl "180+1"]
[Date "2022.04.26"]
[WhiteClock "0:00:19"]
[BlackClock "0:00:54"]

1. d4 Nf6 2. Nf3 d5 3. c4 e6 4. g3 Bb4+ 5. Bd2 Be7 6. Bg2 O-O 7. Qc2 c6 8. Nc3 dxc4 9. O-O b5 10. e4 Bb7 11. Bg5 Nbd7 12. e5 Nd5 13. Bxe7 Qxe7 14. Ne4 c5 15. Nd6 Bc6 16. dxc5 Nxc5 17. Nd4 Qd7 18. b3 Nb4 19. Bxc6 Nxc2 20. Bxd7 Nxd4 21. Bxb5 cxb3 22. Rac1 Nxb5 23. Nxb5 Nd3 24. Rc3 Nxe5 25. Rxb3 a6 26. Nd4 Rfd8 27. Ne2 Rd2 28. Rfb1 g5 29. R3b2 Rad8 30. Nc3 g4 31. h3 h5 32. Rxd2 Rxd2 33. Ne4 Rxa2 34. Nf6+ Kh8 35. Nxh5 gxh3 36. Rb8+ Kh7 37. Nf6+ Kg6 38. Ne4 Nf3+ 39. Kf1 Ra1+ 40. Ke2 h2 41. Rg8+ Kf5 42. Nd6+ Kf6 43. Ne4+ Ke7 0-1


[Site "https://www.chess.com"]

[Event "Titled Tuesday Blitz April 26 Late 2022"]
[White "Yurovskykh, Oleksandr"]
[Black "volunteers1998"]
[WhiteFideId "14134020"]
[WhiteElo "2292"]
[BlackElo "2290"]
[Result "1-0"]
[Round "01"]
[TimeControl "180+1"]
[Date "2022.04.26"]
[WhiteClock "0:00:14"]
[BlackClock "0:00:03"]

1. d4 f5 2. Nc3 Nf6 3. Bg5 d5 4. e3 e6 5. Nf3 Be7 6. Bd3 O-O 7. O-O c6 8. Ne2 Nbd7 9. c4 h6 10. Bf4 g5 11. Bg3 Ne4 12. Qc2 Ndf6 13. Ne5 Nxg3 14. Nxg3 Ne4 15. Ng6 Rf7 16. Nxe7+ Qxe7 17. Ne2 Bd7 18. f3 Nf6 19. e4 fxe4 20. fxe4 Ng4 21. Qd2 Raf8 22. h3 Rxf1+ 23. Rxf1 Rxf1+ 24. Kxf1 Nf6 25. e5 Ne8 26. c5 Qf7+ 27. Ke1 Ng7 28. Qe3 Nf5 29. Qf2 Nh4 30. Qxf7+ Kxf7 31. Kf2 Nf5 32. g3 Ke7 33. Bxf5 exf5 34. h4 Be8 35. hxg5 hxg5 36. Ng1 Bh5 37. Nh3 f4 38. Nxg5 fxg3+ 39. Kxg3 Bd1 40. Kf4 Bh5 41. a3 b6 42. b4 bxc5 43. bxc5 Bd1 44. Nh3 Ke6 45. Nf2 Bc2 46. Ng4 Bf5 47. Ne3 Bd3 48. Nd1 Bc2 49. Nc3 Bb3 50. Kg5 Bc2 51. Ne2 Be4 52. Nf4+ Kf7 53. Kh6 Bf5 54. Ng2 Bg4 55. Ne3 Bh3 56. Kg5 Be6 57. Nf5 Bd7 58. Nd6+ Ke6 59. Kg6 Ke7 60. Kg7 Bg4 61. a4 Bh3 62. a5 Bg4 63. Kg6 Bh3 64. Kg5 Bf1 65. Nf5+ Kf7 66. Ne3 Bd3 67. Kf4 Be4 68. Nd1 Bd3 69. Nc3 Bc4 70. Nb1 Bd3 71. Nd2 Bc2 72. Nf3 Be4 73. Ng5+ Ke7 74. Nxe4 dxe4 75. Kxe4 Ke6 76. d5+ cxd5+ 77. Kd4 a6 78. c6 Ke7 79. Kxd5 Kd8 80. Kd6 Kc8 81. e6 Kd8 82. e7+ Ke8 83. c7 1-0


[Site "https://www.chess.com"]

[Event "Titled Tuesday Blitz April 26 Late 2022"]
[White "Zanette, Edgard Vinicius"]
[Black "Maltsevskaya, Aleksandra"]
[WhiteFideId "2109263"]
[BlackFideId "24174041"]
[WhiteElo "2182"]
[BlackElo "2235"]
[Result "0-1"]
[Round "01"]
[TimeControl "180+1"]
[Date "2022.04.26"]
[WhiteClock "0:01:04"]
[BlackClock "0:01:46"]

1. e4 c5 2. Nc3 Nc6 3. g3 e6 4. Bg2 h5 5. h4 Nf6 6. d3 d5 7. Bg5 Be7 8. Nh3 Qb6 9. Rb1 d4 10. Ne2 Qa5+ 11. Qd2 Qxa2 12. O-O Qa6 13. f3 Qb6 14. Kh1 a5 15. Nf2 a4 16. f4 Ng4 17. Nxg4 hxg4 18. Bxe7 Nxe7 19. c3 dxc3 20. Qxc3 f6 21. Rfc1 Qb5 22. d4 Qxe2 23. Qxc5 Qf2 24. Qb5+ Bd7 25. Qxb7 Rd8 26. Rc3 Ng6 27. Rf1 Qxd4 28. f5 Nxh4 0-1


[Site "https://www.chess.com"]

[Event "Titled Tuesday Blitz April 26 Late 2022"]
[White "Zherebtsova, Alexandra"]
[Black "Makarian, Rudik"]
[WhiteFideId "24129518"]
[BlackFideId "44105681"]
[WhiteElo "2025"]
[BlackElo "2388"]
[Result "0-1"]
[Round "01"]
[TimeControl "180+1"]
[Date "2022.04.26"]
[WhiteClock "0:00:15"]
[BlackClock "0:00:51"]

1. d4 Nf6 2. Nf3 c5 3. d5 b5 4. Bg5 g6 5. Bxf6 exf6 6. e4 b4 7. Nbd2 Bg7 8. Bd3 O-O 9. O-O d6 10. Nc4 Qc7 11. h3 Nd7 12. a4 Ne5 13. Nh4 Nxc4 14. Bxc4 f5 15. exf5 Bxb2 16. Rb1 Bf6 17. fxg6 hxg6 18. Nf3 Kg7 19. Qd2 Bf5 20. Ng5 Rfe8 21. Bb5 Re5 22. Bc6 Rh8 23. Nf3 Re4 24. Rb3 Qe7 25. Re1 Rxe1+ 26. Qxe1 Bxc2 27. Re3 Qd8 28. Nd2 Bf5 29. Ne4 Bxe4 30. Rxe4 b3 31. Rf4 b2 32. Qb1 Be5 33. Rf3 Qg5 34. Kf1 Qc1+ 0-1


[Site "https://www.chess.com"]

[Event "Titled Tuesday Blitz April 26 Late 2022"]
[White "Zumsande, Martin"]
[Black "Bortnyk, Olexandr"]
[WhiteFideId "4651324"]
[BlackFideId "14120828"]
[WhiteElo "2368"]
[BlackElo "2723"]
[Result "0-1"]
[Round "01"]
[TimeControl "180+1"]
[Date "2022.04.26"]
[WhiteClock "0:00:27"]
[BlackClock "0:00:37"]

1. e4 d6 2. d4 Nf6 3. Nc3 Nbd7 4. Nf3 e5 5. Bc4 Be7 6. O-O c6 7. Re1 h6 8. a4 Qc7 9. b3 Nf8 10. Bb2 Ng6 11. Bd3 O-O 12. Ne2 Bg4 13. Ng3 c5 14. dxc5 Qxc5 15. h3 Be6 16. Ba3 Qa5 17. Nf5 Bxf5 18. exf5 Nf4 19. Bf1 Rfe8 20. g3 N4d5 21. Bc4 Rac8 22. Bb5 Red8 23. c4 a6 24. cxd5 axb5 25. axb5 Qxb5 26. Nxe5 dxe5 27. Bxe7 Rxd5 28. Qf3 e4 29. Qf4 Rxf5 30. Qd2 Nd5 31. Rxe4 Qxb3 32. Rae1 Rc2 33. Qd4 Rfxf2 34. Qxf2 Rxf2 35. Kxf2 Qb2+ 36. R1e2 Qb6+ 37. Kg2 Nc3 38. Bd8 Qc6 0-1


[Site "https://www.chess.com"]

[Event "Titled Tuesday Blitz April 26 Late 2022"]
[White "Akrakan"]
[Black "Wachinger, Guenther"]
[BlackFideId "4604261"]
[WhiteElo "2105"]
[BlackElo "2212"]
[Result "0-1"]
[Round "02"]
[TimeControl "180+1"]
[Date "2022.04.26"]
[WhiteClock "0:01:06"]
[BlackClock "0:01:34"]

1. e4 c5 2. Nf3 d6 3. c3 Nf6 4. Qc2 Nc6 5. d4 cxd4 6. cxd4 e6 7. Nc3 Be7 8. Be2 O-O 9. O-O a6 10. a3 d5 11. e5 Nd7 12. b4 a5 13. b5 Na7 14. a4 Nb6 15. Nd2 Bb4 16. Ba3 Bxa3 17. Rxa3 Bd7 18. Bd3 h6 19. Qd1 Rc8 20. Qg4 Qe7 21. Ndb1 Nc4 22. Ra2 Qb4 23. Rc2 Na3 24. Nxa3 Rxc3 25. Rxc3 Qxc3 26. Qf3 Qxd4 27. Re1 Qxa4 28. Bc2 Qb4 29. Qd3 Qxe1+ 30. Qf1 Qxf1+ 31. Kxf1 0-1


[Site "https://www.chess.com"]

[Event "Titled Tuesday Blitz April 26 Late 2022"]
[White "Andreikin, Dmitry"]
[Black "Piekarski, Atila Balzer"]
[WhiteFideId "4158814"]
[BlackFideId "2119552"]
[WhiteElo "2736"]
[BlackElo "2050"]
[Result "1-0"]
[Round "02"]
[TimeControl "180+1"]
[Date "2022.04.26"]
[WhiteClock "0:02:17"]
[BlackClock "0:02:03"]

1. e4 c6 2. Nc3 d5 3. Nf3 Bg4 4. h3 Bxf3 5. Qxf3 e6 6. d3 Nf6 7. Bd2 Bb4 8. a3 Qa5 9. Rd1 dxe4 10. axb4 exf3 11. bxa5 fxg2 12. Bxg2 O-O 13. O-O Nbd7 14. a6 bxa6 15. Ra1 Rab8 16. b3 Rb6 17. Be3 c5 18. Na4 Rb5 19. Bc6 Rbb8 20. Nxc5 Nxc5 21. Bxc5 Rfc8 22. Bxa7 Rb4 23. Rxa6 h5 24. Be3 1-0


[Site "https://www.chess.com"]

[Event "Titled Tuesday Blitz April 26 Late 2022"]
[White "Ansh M Shah"]
[Black "Skliarov, Viktor"]
[WhiteFideId "25033379"]
[BlackFideId "14106736"]
[WhiteElo "1819"]
[BlackElo "2229"]
[Result "1-0"]
[Round "02"]
[TimeControl "180+1"]
[Date "2022.04.26"]
[WhiteClock "0:00:42"]
[BlackClock "0:00:41"]

1. d4 Nf6 2. c4 e6 3. Nf3 b6 4. g3 Bb7 5. Bg2 Be7 6. O-O O-O 7. Nbd2 c5 8. b3 cxd4 9. Nxd4 Bxg2 10. Kxg2 d5 11. Bb2 e5 12. Nf5 d4 13. e3 Bc5 14. exd4 exd4 15. Nf3 d3 16. Qd2 h6 17. Rad1 Nc6 18. Nxh6+ gxh6 19. Qxh6 Nd4 20. Rxd3 Nf5 21. Qg5+ 1-0


[Site "https://www.chess.com"]

[Event "Titled Tuesday Blitz April 26 Late 2022"]
[White "Araujo Sanchez, Josue"]
[Black "Bas Mas, Jose Joaquin"]
[WhiteFideId "6416896"]
[BlackFideId "22219064"]
[WhiteElo "2339"]
[BlackElo "2212"]
[Result "1-0"]
[Round "02"]
[TimeControl "180+1"]
[Date "2022.04.26"]
[WhiteClock "0:01:26"]
[BlackClock "0:00:04"]

1. e4 c5 2. Nf3 e6 3. d4 cxd4 4. Nxd4 a6 5. Nc3 Bb4 6. Qd3 Nc6 7. Nxc6 bxc6 8. Bd2 Nf6 9. O-O-O d5 10. Kb1 Bxc3 11. Bxc3 O-O 12. Qg3 Bd7 13. Be2 Qb8 14. Be5 Qd8 15. h4 Ne8 16. f4 f6 17. Bc3 Qe7 18. Bd3 Kh8 19. h5 c5 20. h6 d4 21. e5 f5 22. Ba5 g6 23. c3 Bc6 24. cxd4 cxd4 25. Bc2 Qc5 26. Be1 Nc7 27. Bf2 Nb5 28. Rc1 Rab8 29. Bb3 Qb6 30. Ka1 Be4 31. Rc4 Rfd8 32. Rhc1 Bd5 33. Qh4 Rf8 34. Qe7 Qb7 35. Rc7 Rg8 1-0


[Site "https://www.chess.com"]

[Event "Titled Tuesday Blitz April 26 Late 2022"]
[White "Aung Thant Zin"]
[Black "BM223344"]
[WhiteFideId "13000063"]
[WhiteElo "2278"]
[BlackElo "2455"]
[Result "1-0"]
[Round "02"]
[TimeControl "180+1"]
[Date "2022.04.26"]
[WhiteClock "0:02:01"]
[BlackClock "0:02:28"]

1. e4 e6 2. d4 d5 3. Nc3 Nf6 4. Bg5 Be7 5. Bxf6 Bxf6 6. Nf3 O-O 7. e5 Be7 8. h4 f5 9. exf6 Bxf6 10. Bd3 Qe7 11. Bxh7+ Kxh7 12. Ng5+ Kg8 13. Qh5 Bxg5 14. hxg5 g6 15. Qh8+ Kf7 16. Rh7+ Ke8 17. Rxe7+ Kxe7 18. Qg7+ Rf7 19. Qxg6 Nc6 20. O-O-O Bd7 21. Nxd5+ exd5 22. Re1+ Kf8 23. Qh6+ Kg8 24. g6 Rg7 25. Rh1 Kf8 26. Qh8+ Rg8 27. Qf6+ Ke8 28. Qf7+ Kd8 29. Qxg8+ Ke7 1-0


[Site "https://www.chess.com"]